 Dungeon Crawl Stone Soup version 0.30-a0-377-g5cb311bc9f (webtiles) character file.

Game seed: 14398086275118928514

95 Notrik the Insei (level 4, 0/34 HPs)
             Began as a Gnoll Transmuter on Nov 28, 2022.
             Slain by Pikel
             ... wielding a +1 whip of freezing
              (4 damage)
             ... on level 4 of the Dungeon.
             The game lasted 00:04:48 (2091 turns).

Notrik the Insei (Gnoll Transmuter)                 Turns: 2091, Time: 00:04:49

Health: 0/34       AC: 10    Str: 11    XL:     4   Next: 65%
Magic:  2/2        EV: 17    Int: 23    God:
Gold:   131        SH:  0    Dex: 12    Spells: 12/13 levels left

rFire   . . .      SeeInvis .    e - +2 whip (drain)
rCold   . . .      Faith    .    (no shield)
rNeg    . . .      Spirit   .    r - +1 leather armour of Watchfulness {-Tele Will+++ MP-9 Int+10}
rPois   .          Reflect  .    (no helmet)
rElec   .          Harm     .    (no cloak)
rCorr   .          Rampage  .    (no gloves)
Will    +++..      NoTele   +    x - +1 pair of boots
Stlth   +.........               (no amulet)
HPRegen 0.25/turn                f - +4 ring of evasion
MPRegen 0.08/turn                j - +4 ring of protection

@: no status effects
A: fangs 1, strong nose, distributed training
a: no special abilities


You were on level 4 of the Dungeon.
You visited 1 branch of the dungeon, and saw 4 of its levels.

You collected 131 gold pieces.

Inventory:

Hand Weapons
 e - a +2 whip of draining (weapon)
Armour
 a - a +0 robe
 n - a +0 scale mail
 r - the +1 leather armour of Watchfulness (worn) {-Tele Will+++ MP-9 Int+10}
   (You found it on level 2 of the Dungeon)

   Int:       It affects your intelligence (+10).
   MP:        It affects your magic capacity (-9).
   -Tele:     It prevents most forms of teleportation.
   Will:      It greatly increases your willpower.
 x - a +1 pair of boots (worn)
Jewellery
 d - a ring of positive energy
 f - a +4 ring of evasion (left hand)
 j - a +4 ring of protection (right hand)
 v - an amulet of faith
Scrolls
 c - 2 scrolls of fear {unknown}
 g - 4 scrolls of identify {unknown}
 k - 3 scrolls of silence {unknown}
 m - a scroll of fog {unknown}
 q - 2 scrolls of vulnerability {unknown}
 s - 2 scrolls of teleportation {unknown}
 w - a scroll of enchant weapon {unknown}
Potions
 b - 2 potions of lignification
 h - a potion of haste {unknown}
 i - a potion of brilliance {unknown}
 l - a potion of ambrosia {unknown}
 o - a potion of flight {unknown}
 p - a potion of mutation {unknown}
 t - a potion of cancellation {unknown}
 u - a potion of curing {unknown}


   Skills:
 + Level 2.8 Fighting
 + Level 1.2 Short Blades
 + Level 1.2 Long Blades
 + Level 1.2 Axes
 + Level 1.2 Maces & Flails
 + Level 1.2 Polearms
 + Level 1.2 Staves
 + Level 1.2 Ranged Weapons
 + Level 1.2 Throwing
 + Level 1.2 Armour
 + Level 4.7 Dodging
 + Level 1.2 Stealth
 + Level 1.2 Shields
 + Level 6.6 Unarmed Combat
 + Level 5.1 Spellcasting
 + Level 1.0 Conjurations
 + Level 1.0 Hexes
 + Level 1.0 Summonings
 + Level 1.0 Necromancy
 + Level 1.0 Translocations
 + Level 3.9 Transmutations
 + Level 1.0 Fire Magic
 + Level 1.0 Ice Magic
 + Level 1.0 Air Magic
 + Level 1.0 Earth Magic
 + Level 1.0 Poison Magic
 + Level 1.4 Invocations
 + Level 1.2 Evocations


You had 12 spell levels left.
You knew the following spells:

 Your Spells              Type           Power      Damage    Failure   Level
a - Beastly Appendage     Tmut           46%        N/A       2%          1

Your spell library contained the following spells:

 Spells                   Type           Power      Damage    Failure   Level
 Wereblood                Tmut           23%        N/A       3%          2
 Magic Dart               Conj           40%        1d5       8%          1
 Necrotise                Necr           40%        1d6       8%          1
 Blink                    Tloc           20%        N/A       12%         2
 Call Imp                 Summ           10%        N/A       12%         2
 Spider Form              Tmut/Pois      17%        N/A       13%         3
 Ignite Poison            Fire/Tmut/Pois 15%        N/A       16%         3
 Kindle Blastsparks       Fire/Tloc/Air  20%        2d11      24%         3
 Mephitic Cloud           Conj/Pois/Air  10%        N/A       24%         3
 Vampiric Draining        Necr           10%        2d6       24%         3
 Ice Form                 Ice/Tmut       17%        N/A       41%         4
 Cause Fear               Hex            5%         N/A       61%         4
 Fulminant Prism          Conj/Hex       5%         3d7       61%         4
 Iskenderun's Mystic Bla  Conj/Tloc      10%        2d4       61%         4
 Manifold Assault         Tloc           10%        N/A       61%         4
 Sticky Flame             Conj/Fire      10%        2d3       61%         4
 Agony                    Necr           10%        N/A       91%         5
 Lee's Rapid Deconstruct  Erth           5%         3d6*      91%         5
 Lightning Bolt           Conj/Air       5%         1d17      91%         5
 Metabolic Englaciation   Hex/Ice        5%         N/A       91%         5
 Storm Form               Tmut/Air       8%         N/A       100%        7
 Ignition                 Fire           5%         3d4       100%        8


Dungeon Overview and Level Annotations

Branches:
Dungeon (4/15)
 Temple: D:4-7

Altars:

Annotations:
D:4 Pikel


Innate Abilities, Weirdness & Mutations

You have very sharp teeth.
Your uncanny sense of smell can sniff out nearby items.
Your experience applies equally to all skills.


Message History

No target in view!
No target in view!
q - 2 scrolls labelled JUTOTH DOOF (gained 1)
A lemure comes into view.
Found 16 gold pieces.
The lemure shouts!
You hear a shout! x2
A lemure comes into view.
Found 9 gold pieces.
Pikel, Merchant of Souls comes into view.
He is wielding a +1 whip of freezing and carrying a wand of light (7).
There is a stone staircase leading down here.
Pikel shouts!
A lemure comes into view.
You barely miss the lemure.
Pikel says, "You'll feel the lick of my whip!"
The lemure hits you.
You hit the lemure.
The lemure is lightly wounded.
The lemure closely misses you.
You hit the lemure. Your bite misses the lemure.
The lemure is lightly wounded.
The lemure hits you but does no damage.
A lemure comes into view.
You barely miss the lemure.
The lemure is lightly wounded.
You hit Pikel but do no damage. You drain Pikel.
Pikel is lightly wounded.
You hit Pikel.
Pikel is lightly wounded.
Pikel zaps a wand.
The bolt of light hits you!
Ouch! That really hurt!
You hit Pikel.
Pikel is moderately wounded.
Pikel barely misses you.
You closely miss Pikel. You punch Pikel.
Pikel is moderately wounded.
Pikel scowls and wipes his hands on his robe.
Pikel hits you with a +1 whip of freezing!
* * * LOW HITPOINT WARNING * * *
Pikel freezes you.
You die...

..# ..# #.# #.# #$#
#.#### #5# .....### #5#
####...# #5# #.#.# #5#
#.#.## #K######## #....##
#@........
####.#.#.#######.>#######
.....#...................
#.##.###.###......######.
#.###.#.## #.####.# #.#
##.## ##.## #.# ..# ###
#...# #.# ### ###...###.#
#########.......#.#


You could see Pikel (drained) and 4 lemures.

Vanquished Creatures
  3 adders (D:3)
  2 worms (D:2)
  A dart slug (D:1)
  6 bats
  5 endoplasms
  2 giant cockroaches (D:1)
  5 goblins
  6 hobgoblins
  3 jackals (D:3)
  3 quokkas
  6 ball pythons
  4 frilled lizards
  4 kobolds
  6 rats
56 creatures vanquished.

Notes
Turn   | Place    | Note
-------+----------+-------------------------------------------
     0 | D:1      | Notrik the Gnoll Transmuter began the quest for the Orb.
     0 | D:1      | Reached XP level 1. HP: 17/17 MP: 6/6
   127 | D:1      | Reached XP level 2. HP: 21/23 MP: 7/7
   600 | D:2      | Reached skill level 5 in Spellcasting
   600 | D:2      | Reached XP level 3. HP: 28/28 MP: 7/9
   730 | D:2      | Got the Anthology of Enthralling Battling
   805 | D:2      | Reached skill level 1 in Invocations
  1061 | D:2      | Found a faded altar of an unknown god.
  1129 | D:2      | Identified the +1 leather armour of Watchfulness {-Tele
                  | Will+++ MP-9 Int+10}
  1320 | D:3      | Reached skill level 1 in Short Blades
  1320 | D:3      | Reached skill level 1 in Long Blades
  1320 | D:3      | Reached skill level 1 in Axes
  1320 | D:3      | Reached skill level 1 in Maces & Flails
  1320 | D:3      | Reached skill level 1 in Polearms
  1320 | D:3      | Reached skill level 1 in Staves
  1320 | D:3      | Reached skill level 1 in Ranged Weapons
  1320 | D:3      | Reached skill level 1 in Throwing
  1320 | D:3      | Reached skill level 1 in Armour
  1320 | D:3      | Reached skill level 1 in Stealth
  1320 | D:3      | Reached skill level 1 in Shields
  1320 | D:3      | Reached skill level 1 in Evocations
  1327 | D:3      | Reached XP level 4. HP: 34/34 MP: 2/11
  1649 | D:3      | Reached skill level 1 in Conjurations
  1649 | D:3      | Reached skill level 1 in Hexes
  1649 | D:3      | Reached skill level 1 in Summonings
  1649 | D:3      | Reached skill level 1 in Necromancy
  1649 | D:3      | Reached skill level 1 in Translocations
  1649 | D:3      | Reached skill level 1 in Fire Magic
  1649 | D:3      | Reached skill level 1 in Ice Magic
  1649 | D:3      | Reached skill level 1 in Air Magic
  1649 | D:3      | Reached skill level 1 in Earth Magic
  1649 | D:3      | Reached skill level 1 in Poison Magic
  2080 | D:4      | Noticed a lemure
  2080 | D:4      | Noticed a lemure
  2081 | D:4      | Noticed Pikel
  2083 | D:4      | Noticed a lemure
  2086 | D:4      | Noticed a lemure
  2091 | D:4      | Slain by Pikel

Illustrated notes

Levels and vault maps discovered:
D:1:      moated_graveyard_arrival, layout_rooms, minmay_crystal_room,
          st_stairs_7
D:2:      layout_basic, dreamdust_ecumenical_altar_angels_and_demons
D:3:      layout_basic
D:4:      layout_loops_ring, tgw_trog, serial_shops, nicolae_shop_statue_plus,
          uniq_pikel, uniq_edmund

Skill      XL: |  1  2  3  4 |
---------------+-------------+-----
Spellcasting   | 5 |  5.1
Invocations    | 1 |  1.4
Short Blades   | 1 |  1.2
Long Blades    | 1 |  1.2
Axes           | 1 |  1.2
Maces & Flails | 1 |  1.2
Polearms       | 1 |  1.2
Staves         | 1 |  1.2
Ranged Weapons | 1 |  1.2
Throwing       | 1 |  1.2
Armour         | 1 |  1.2
Stealth        | 1 |  1.2
Shields        | 1 |  1.2
Evocations     | 1 |  1.2
Conjurations   | 1 |  1.0
Hexes          | 1 |  1.0
Summonings     | 1 |  1.0
Necromancy     | 1 |  1.0
Translocations | 1 |  1.0
Fire Magic     | 1 |  1.0
Ice Magic      | 1 |  1.0
Air Magic      | 1 |  1.0
Earth Magic    | 1 |  1.0
Poison Magic   | 1 |  1.0
Fighting       | |  2.8
Dodging        | |  4.7
Unarmed Combat | |  6.6
Transmutations | |  3.9

Action                   |  1- 3 |  4- 6 || total
-------------------------+-------+-------++-------
Melee: Unarmed           |    32 |       ||    32
       Bite              |     7 |     7 ||    14
       Whip              |    71 |    66 ||   137
       Punch             |       |     1 ||     1
 Stab: Sleeping          |     2 |     1 ||     3
Armor: Robe              |    35 |       ||    35
       Leather armour    |     4 |    12 ||    16
       Scale mail        |     1 |       ||     1
Dodge: Dodged            |   137 |    68 ||   205

Table legend: (Time is in decaauts)
 A = Elapsed time spent in this place.
 B = Non-inter-level travel time spent in this place.
 C = Inter-level travel time spent in this place.
 D = Time resting spent in this place.
 E = Time spent auto-exploring this place.
 F = Levels seen in this place.
 G = Mean time per level.
                   A        B        C        D        E       F      G
               +--------+--------+--------+--------+--------+-----+--------+
         Total |   2091 |   1923 |    168 |      0 |   1443 |   4 |  522.8 |
       Dungeon |   2091 |   1923 |    168 |      0 |   1443 |   4 |  522.8 |
               +--------+--------+--------+--------+--------+-----+--------+

Top non-repeatable levels by time:
     D:2: 723 daAuts
     D:3: 675 daAuts
     D:1: 584 daAuts
     D:4: 109 daAuts
